 Dungeon Crawl Stone Soup version 0.24.0-123-gd5b16e6ec5 (webtiles) character file.

Game seed: 10116299804618846514, levelgen mode: deterministic

6532 vurker the Zephyrmancer (level 11, -3/64 HPs)
             Began as a Tengu Air Elementalist on Dec 30, 2019.
             Was a Believer of Vehumet.
             Slain by a shadow (29 damage)
             ... on level 11 of the Dungeon.
             The game lasted 00:21:41 (14784 turns).

vurker the Zephyrmancer (Tengu Air Elementalist)   Turns: 14784, Time: 00:21:41

Health: -3/64      AC:  5    Str:  8    XL:     11   Next: 1%
Magic:  2/24       EV: 15    Int: 21    God:    Vehumet [**....]
Gold:   461        SH:  0    Dex: 15    Spells: 16/26 levels left

rFire    . . .     SeeInvis .   p - +2 whip (elec)
rCold    . . .     Gourm    +   (no shield)
rNeg     . . .     Faith    .   a - +0 robe
rPois    .         Spirit   .   (helmet restricted)
rElec    .         Reflect  .   s - +0 cloak
rCorr    .         Harm     .   g - +1 pair of gloves
MR       +....                  (boots unavailable)
Stlth    ++........             w - amulet of the gourmand
HPRegen  0.20/turn              q - +2 ring of intelligence
MPRegen  0.19/turn              B - ring of protection from magic

@: flying quickly and evasively, very slightly contaminated, quick
A: beak, talons 3, able to fly
a: Stop Flying, Renounce Religion


You were on level 11 of the Dungeon.
You worshipped Vehumet.
Vehumet was pleased with you.
You were not hungry.

You visited 2 branches of the dungeon, and saw 12 of its levels.

You collected 515 gold pieces.
You spent 54 gold pieces at shops.

Inventory:

Hand Weapons
 p - a +2 whip of electrocution (weapon)
   (You found it on level 2 of the Dungeon)
Armour
 a - a +0 robe (worn)
 g - a +1 pair of gloves (worn)
   (You found it on level 1 of the Dungeon)
 s - a +0 cloak (worn)
   (You bought it in a shop on level 4 of the Dungeon)
Magical Staves
 m - an uncursed staff of cold {unknown}
   (You found it on level 7 of the Dungeon)
Jewellery
 q - a +2 ring of intelligence (left hand)
   (You found it on level 2 of the Dungeon)
 w - an amulet of the gourmand (around neck)
   (You found it on level 3 of the Dungeon)
 z - an uncursed amulet of regeneration
   (You took it off an orc on level 5 of the Dungeon)
 B - a ring of protection from magic (right hand)
   (You took it off a hobgoblin on level 3 of the Dungeon)
Wands
 d - a wand of iceblast (10)
   (You found it on level 4 of the Dungeon)
 u - a wand of paralysis (6)
   (You found it on level 6 of the Dungeon)
 v - a wand of digging (5)
   (You found it on level 9 of the Dungeon)
 x - a wand of acid (7)
   (You found it on level 5 of the Dungeon)
Scrolls
 h - a scroll of summoning {unknown}
 j - 3 scrolls of teleportation
 l - 2 scrolls of enchant armour
 n - 2 scrolls of blinking
 o - 2 scrolls of enchant weapon {unknown}
 r - 11 scrolls of remove curse
 y - 3 scrolls of magic mapping
 A - a scroll of silence {unknown}
 C - 2 scrolls of noise {unknown}
 D - 3 scrolls of holy word {unknown}
 E - 2 scrolls of fog {unknown}
 F - 2 scrolls of immolation {unknown}
 G - a scroll of identify
 J - a scroll of amnesia {unknown}
Potions
 b - a potion of resistance
 c - 5 potions of haste
 f - a potion of curing
 i - 2 potions of mutation
 k - a potion of berserk rage {unknown}
 t - 2 potions of heal wounds
 H - a potion of brilliance {unknown}
 I - a potion of lignification
Comestibles
 e - 16 rations


   Skills:
 + Level 6.0 Fighting
 - Level 2.1 Dodging
 - Level 2.0 Stealth
 * Level 8.3 Spellcasting
 * Level 11.3 Conjurations
 * Level 11.9 Air Magic


You had 16 spell levels left.
You knew the following spells:

 Your Spells              Type           Power        Failure   Level  Hunger
a - Shock                 Conj/Air       ####         1%          1    None
b - Lightning Bolt        Conj/Air       ######....   1%          5    #####..
c - Airstrike             Air            ######....   1%          4    ###....

Your spell library contained the following spells:

 Spells                   Type           Power        Failure   Level  Hunger
 Flame Tongue             Conj/Fire      ####.        1%          1    None
 Swiftness                Chrm/Air       ####....     1%          2    None
 Static Discharge         Conj/Air       ######..     1%          3    None
 Confusing Touch          Hex            #.....       8%          1    None
 Confuse                  Hex            #.......     24%         3    None
 Gell's Gravitas          Tloc           #.........   24%         3    None
 Petrify                  Tmut/Erth      #.......     61%         4    ###....
 Metabolic Englaciation   Hex/Ice        #.........   91%         5    #####..
 Yara's Violent Unravell  Hex/Tmut       #.........   91%         5    #####..


Dungeon Overview and Level Annotations

Branches:
Dungeon (10/15)            Temple (1/1) D:4            Lair (0/6) D:10
    Orc (0/2) D:9

Altars:
Ashenzari
Cheibriados
Dithmenos
Elyvilon
Fedhas
Gozag
Kikubaaqudgha
Makhleb
Nemelex Xobeh
Okawaru
Qazlal
Ru
Sif Muna
Trog
Uskayaw
Vehumet
Wu Jian
Xom
Yredelemnul
The Shining One

Shops:
D:4 [

Annotations:
D:3 1 runed translucent door, treziel's ghost, amateur TrMo


Innate Abilities, Weirdness & Mutations

You have a beak for a mouth.
You have claws for feet.
You can fly continuously.


Message History

An orc priest comes into view. It is wielding a +0 club.
The crimson imp blinks!
Your surroundings suddenly seem different.
Found an escape hatch in the floor.
Found a stone staircase leading up.
There is a stone staircase leading up here.
You start resting.
A necrophage comes into view.
You don't have enough magic to cast that spell.
A shadow comes into view.
A shadow comes into view.
The shadow slips into darkness.
The shadow flickers and vanishes!
Deactivating autopickup; reactivate with Ctrl-A.
The shadow slips into darkness.
The shadow flickers and vanishes!
An orc wizard comes into view. It is wielding a +0 dagger.
The shadow strikes at you from the darkness!
Reactivating autopickup.
The shadow strikes at you from the darkness!
The shadow hits you!
* * * LOW HITPOINT WARNING * * *
Found a scroll labeled GUZXOTHUFO.
Found a stone staircase leading up.
The sentinel's mark upon you fades away.
The shadow slips into darkness.
The shadow flickers and vanishes!
Deactivating autopickup; reactivate with Ctrl-A.
An orc wizard comes into view. It is wielding a +2 dagger of venom.
The orc wizard casts a spell.
The orc wizard seems to speed up.
You see here a scroll labeled GUZXOTHUFO.
There is a stone staircase leading up here.
Aim: a shadow The air twists around and violently strikes the shadow!
The shadow hits you.
* * * LOW HITPOINT WARNING * * *
The orc wizard looks braver for a moment.
Aim: an orc wizard, wielding a +2 dagger of venom and wearing a +0 robe The bolt of acid hits the shadow!
The shadow is splashed with acid.
The acid corrodes the shadow!
You destroy the shadow!
Vehumet accepts your kill.
You feel your power returning.
Your Fighting skill increases to level 6!
You have reached level 11!
The bolt of acid misses the necrophage.
The bolt of acid hits the orc wizard!
The orc wizard is splashed with acid.
The acid corrodes the orc wizard!
The orc wizard casts a spell.
The orc wizard flickers and vanishes!
The shadow strikes at you from the darkness!
You die...

********,,,,,,,,*
*,,,,,,,,<,,,,,,* ####
*,******,,,,,,,,* ...# *,*
*,,,,,,,,**** ##.# #,*
*,,,,,,,,,,,, #.# #.*
***,**,,,**** #5# #####.###
*,***,,* #.# #.......# *,***,,*
#.# *,***,#@# *,,,,,,* #o# *,*
#,#?# *****+** #.#######,* #.#n#
**,,,** * #.......#,###..o#####
**,,,,,***
#.......#,#.........#**,,,,,,,**
##.......#,#o###{..#.##,,,,,,,,,*
.....###.......5...<..+,,,,,,,,,+
##...# *,###.##..>.#.##,,,,,,,,,*
##..#**,* *.........#**,,,,,,,**


You could see a necrophage, an orc wizard and a crimson imp.

Vanquished Creatures
  Pikel (D:5)
  2 shadows (D:11)
  A spriggan (D:8)
  Sigmund (D:5)
  Grum (D:9)
  3 wargs (D:9)
  Menkaure (D:5)
  Duvessa (D:5)
  2 slaves (D:5)
  2 orc warriors
  A sky beast (D:7)
  3 phantoms
  A necrophage (D:11)
  8 ogres
  2 centaurs
  3 wolves
  A big kobold (D:11)
  Blork the orc (D:5)
  6 bullfrogs
  Dowan (D:5)
  4 scorpions
  A water moccasin skeleton (D:9)
  12 killer bees
  4 wights
  5 howler monkeys
  A bullfrog zombie (D:5)
  6 crimson imps
  2 jellies
  A centaur zombie (D:4)
  A bullfrog skeleton (D:9)
  9 hounds
  3 orc priests
  3 iguanas
  4 orc wizards
  8 worker ants
  A killer bee zombie (D:8)
  A worker ant zombie (D:5)
  11 adders
  9 gnolls
  2 shadow imps
  An adder zombie (D:7)
  A worm (D:2)
  A dart slug (D:2)
  A leopard gecko (D:5)
  22 orcs
  4 giant cockroaches
  12 hobgoblins
  A jackal (D:1)
  12 quokkas
  2 ball pythons
  2 bats (D:2)
  5 frilled lizards
  5 goblins
  11 kobolds
  A leopard gecko skeleton (D:4)
  6 rats
217 creatures vanquished.

Vanquished Creatures (others)
  A plant (D:2)
1 creature vanquished.

Grand Total: 218 creatures vanquished

Notes
Turn   | Place    | Note
-------+----------+-------------------------------------------
     0 | D:1      | vurker the Tengu Air Elementalist began the quest for the
                  | Orb.
     0 | D:1      | Reached XP level 1. HP: 10/10 MP: 4/4
   143 | D:1      | Reached XP level 2. HP: 3/16 MP: 0/6
  1216 | D:2      | Reached XP level 3. HP: 14/20 MP: 0/7
  1248 | D:2      | Reached skill level 1 in Fighting
  1702 | D:2      | Reached XP level 4. HP: 25/25 MP: 2/8
  1966 | D:2      | Found a snail-covered altar of Cheibriados.
  1980 | D:1      | Reached skill level 5 in Air Magic
  2769 | D:3      | Found a faded altar of an unknown god.
  2862 | D:3      | Noticed treziel's ghost (amateur TrMo)
  2865 | D:3      | Found a runed translucent door.
  2960 | D:3      | Gained mutation: You can fly continuously. [Tengu growth]
  2960 | D:3      | Reached XP level 5. HP: 19/29 MP: 0/10
  3230 | D:3      | Learned a level 5 spell: Lightning Bolt
  3235 | D:3      | Learned a level 4 spell: Airstrike
  3780 | D:4      | Noticed a phantom
  4123 | D:4      | Found Fimuf's Armour Boutique.
  4126 | D:4      | Bought a +0 cloak for 54 gold pieces
  4174 | D:4      | Reached XP level 6. HP: 35/35 MP: 1/11
  4420 | D:4      | Found an iron altar of Okawaru.
  4865 | D:4      | Killed a phantom
  4865 | D:4      | Reached skill level 5 in Conjurations
  4865 | D:4      | Reached XP level 7. HP: 24/40 MP: 2/13
  5057 | D:4      | Found a staircase to the Ecumenical Temple.
  5077 | Temple   | Entered the Ecumenical Temple
  5240 | Temple   | Became a worshipper of Vehumet
  5460 | D:5      | Entered Level 5 of the Dungeon
  5469 | D:5      | Noticed Sigmund
  5472 | D:5      | Killed Sigmund
  6011 | D:5      | Noticed Menkaure
  6013 | D:5      | Killed Menkaure
  6013 | D:5      | Reached XP level 8. HP: 46/46 MP: 6/15
  6111 | D:5      | Noticed Blork the orc
  6120 | D:5      | Killed Blork the orc
  6314 | D:5      | Noticed Pikel
  6322 | D:5      | Killed Pikel
  6322 | D:5      | Reached skill level 5 in Spellcasting
  6758 | D:5      | Noticed Duvessa
  6763 | D:5      | Noticed Dowan
  6769 | D:5      | Killed Duvessa
  6778 | D:5      | Killed Dowan
  7045 | D:6      | Reached XP level 9. HP: 41/52 MP: 10/18
  7811 | D:6      | Found a glowing golden altar of the Shining One.
  8532 | D:7      | Reached * piety under Vehumet
  8532 | D:7      | Offered knowledge of Magic Dart by Vehumet.
  8693 | D:7      | Found a basalt altar of Yredelemnul.
  8802 | D:7      | Reached skill level 10 in Air Magic
  8850 | D:7      | Found an ornate altar of the Wu Jian Council.
  9658 | D:7      | Reached XP level 10. HP: 35/58 MP: 4/21
  9795 | D:7      | Reached skill level 5 in Fighting
 10079 | D:7      | Found a shimmering blue altar of Sif Muna.
 10470 | D:8      | Reached skill level 10 in Conjurations
 11059 | D:8      | Reached ** piety under Vehumet
 11059 | D:8      | Offered knowledge of Flame Tongue by Vehumet.
 11863 | D:8      | Found a blossoming altar of Fedhas.
 12732 | D:9      | Found a staircase to the Orcish Mines.
 12759 | D:9      | Found an ornate altar of the Wu Jian Council.
 12807 | D:9      | Found a basalt altar of Yredelemnul.
 13518 | D:9      | Noticed Grum
 13524 | D:9      | Killed Grum
 14284 | D:10     | Entered Level 10 of the Dungeon
 14284 | D:10     | Found a staircase to the Lair.
 14551 | D:10     | You are sucked into a shaft and drop 1 floor!
 14784 | D:11     | Reached XP level 11. HP: 25/64 MP: 2/24
 14784 | D:11     | Slain by a shadow

Levels and vault maps discovered:
D:1:      giann_bridges, layout_loops_ring, minmay_tetromino_i2
D:2:      wad_woods_stonehenge, layout_basic, first_ration
D:3:      layout_loops_ring, hellmonk_ghost_happy_afterlife,
          chequers_ecumenical_altar_lobes, feat_on_display
D:4:      layout_loops_ring, minmay_temple_entry_poolview, serial_shops,
          nicolae_shop_statue_plus, okawaru_gym_becter
D:5:      layout_basic, uniq_menkaure, uniq_pikel, uniq_sigmund,
          uniq_blork_the_orc, uniq_duvessa
D:6:      layout_cave_pools, nicolae_tso_swordbearing_angel, minivault_25,
          minmay_strange_pillars
D:7:      layout_basic, lemuel_crystal_altar, tgw_sif, basic_altar
D:8:      layout_cave_pools, basic_altar, grunt_pizzeria
D:9:      layout_irregular_city, old_standard_altar,
          minmay_orc_entry_guard_dogs, serial_column_ruins,
          column_ruins_square_huge, column_ruins_open_tiny,
          column_ruins_open_tiny, column_ruins_grid_1, column_ruins_open_tiny,
          column_ruins_grid_1, basic_altar, minmay_fractal_squares_5, uniq_grum
D:10:     layout_loops_ring, lair_entry_dummy, serial_shops, kennysheep_mini
D:11:     layout_loops_corners, serial_shops, shop_statue
Temple:   eino_narrow_crystal_temple

Skill      XL: |  1  2  3  4  5  6  7  8  9 10 |
---------------+-------------------------------+-----
Conjurations   | 2 3 4 5 6 7 9 11 | 11.3
Fighting       | 1 2 3 4 6 |  6.0
Air Magic      | 5 6 7 8 10 11 | 11.9
Spellcasting   | 3 4 5 7 8 |  8.3
Dodging        | |  2.1
Stealth        | |  2.0

Action                   |  1- 3 |  4- 6 |  7- 9 | 10-12 || total
-------------------------+-------+-------+-------+-------++-------
Melee: Unarmed           |    19 |       |       |       ||    19
       Kick              |     4 |     3 |       |     2 ||     9
       Peck              |     1 |     1 |     2 |     2 ||     6
       Dagger            |     1 |       |       |       ||     1
       Whip              |       |    14 |    13 |     8 ||    35
 Cast: Shock             |    61 |   128 |   112 |    13 ||   314
       Airstrike         |       |       |    76 |   140 ||   216
 Abil: Fly               |       |     1 |       |       ||     1
Evoke: Wand              |       |       |       |     2 ||     2
  Use: Scroll            |       |     3 |     8 |     3 ||    14
  Eat: Chunk             |     3 |    16 |    24 |    21 ||    64
       Ration            |       |     1 |       |       ||     1
Armor: Robe              |    12 |     7 |     7 |     7 ||    33
Dodge: Dodged            |    20 |    36 |    40 |    57 ||   153
